 Dungeon Sprint DCSS version 0.17-a0-1738-g82cdc46 (webtiles) character file.

3556 Kidiri the Protected (level 9, -9/76 HPs)
             Began as a Minotaur Fighter on Aug 30, 2015.
             Was a High Priest of Okawaru.
             Killed from afar by an orc sorcerer (40 damage)
             ... with a bolt of fire
             ... in the Dungeon (Sprint V: "Ziggurat Sprint").
             The game lasted 00:10:28 (775 turns).

Kidiri the Protected (Minotaur Fighter)              Turns: 775, Time: 00:10:28

Health: -9/76      AC: 35    Str: 39    XL:     9   Next: 83%
Magic:  6/13       EV:  9    Int:  5    God:    Okawaru [*****.]
Gold:   0          SH: 35    Dex: 10    Spells: 0 memorised, 8 levels left

rFire  . . .     SeeInvis +     M - +14 obsidian axe {chop, +Fly Str+3 SInv *Curse} (curse)
rCold  . . .     Clarity  .     N - +15 Maxwell's patent armour {-Cast -Tele rElec MR+ rCorr}
rNeg   + . .     SustAt   .     O - +18 shield of the gong {rElec rN+ MR+ EV-5}
rPois  .         Gourm    .     (helmet restricted)
rElec  +         Spirit   .     (no cloak)
rCorr  +         Warding  .     (no gloves)
rMut   .         NoTele   +     c - +0 pair of boots {Fly}
MR     ++...     NoCast   +     (no amulet)
Stlth  ..........               E - +6 ring of strength
                                D - +6 ring of strength

@: heroism, finesse, flying, mesmerised, very resistant to hostile enchantments,
extremely unstealthy
A: retaliatory headbutt, horns 2, frail 1
a: Heroism, Finesse, Renounce Religion, Stop Flying


You were in the Dungeon.
You worshipped Okawaru.
Okawaru was extremely pleased with you.
You were not hungry.

You visited 1 branch

Inventory:

Hand weapons
 M - the cursed +14 obsidian axe (weapon) {chop, +Fly Str+3 SInv *Curse}
   (You found it in the Dungeon)

   It inflicts extra damage upon your enemies.
   It affects your strength (+3).
   It lets you see invisible.
   It lets you fly.
   It may re-curse itself when equipped.
   It has a curse placed upon it.
Armour
 c - a +0 pair of boots of flying (worn)
 N - the +15 Maxwell's patent armour (worn) {-Cast -Tele rElec MR+ rCorr}
   (You found it in the Dungeon)

   It insulates you from electricity.
   It affects your resistance to hostile enchantments.
   It prevents spellcasting.
   It prevents most forms of teleportation.
   It protects you from acid and corrosion.
 O - the +18 shield of the gong (worn) {rElec rN+ MR+ EV-5}
   (You found it in the Dungeon)

   It affects your evasion (-5).
   It insulates you from electricity.
   It protects you from negative energy.
   It affects your resistance to hostile enchantments.
Jewellery
 a - the ring "Adepol" {+Inv rC+ rN+ MP-9}
   (You found it in the Dungeon)

   [ring of invisibility]

   It protects you from cold.
   It protects you from negative energy.
   It affects your magic capacity (-9).
   It lets you turn invisible.
 y - the ring of Nore {rC- rN+++ MP+9 EV+3 Stlth+}
   (You found it in the Dungeon)

   [ring of evasion]

   It affects your evasion (+3).
   It makes you vulnerable to cold.
   It renders you almost immune to negative energy.
   It affects your magic capacity (+9).
   It makes you more stealthy.
 D - a +6 ring of strength (left hand)
 E - a +6 ring of strength (right hand)
Magical devices
 F - a wand of disintegration (7)
 G - a wand of fire (5)
 H - a wand of cold (5)
 I - a wand of draining (5)
Scrolls
 k - 4 scrolls of blinking
 o - a scroll of brand weapon
 q - 4 scrolls of amnesia
 r - 3 scrolls of recharging
 s - 7 scrolls of fog
 t - a scroll of holy word
 u - 5 scrolls of identify
 v - 5 scrolls of remove curse
 w - 2 scrolls of fear
Potions
 d - 6 potions of might
 f - 10 potions of curing
 g - 9 potions of heal wounds
 h - 6 potions of haste
 i - 7 potions of magic
 j - 3 potions of berserk rage
 l - 2 potions of brilliance
 m - 2 potions of invisibility
 n - 4 potions of resistance
 p - 5 potions of agility
Comestibles
 b - 20 chunks of flesh
 e - 5 bread rations
 x - 42 fruits
 z - 4 meat rations
 A - 6 royal jellies


   Skills:
 + Level 10.1(15.1) Fighting
 * Level 12.8(17.8) Axes
 * Level 13.2(18.2) Armour
 + Level 8.2(13.2) Dodging
 * Level 13.2(18.2) Shields
 + Level 7.6 Invocations


You had 8 spell levels left.
You didn't know any spells.

Dungeon Overview and Level Annotations

Branches:
Dungeon (1/1)

Altars:
Ashenzari
Cheibriados
Dithmenos
Elyvilon
Fedhas
Gozag
Kikubaaqudgha
Makhleb
Nemelex Xobeh
Okawaru
Qazlal
Ru
Sif Muna
Trog
Vehumet
Xom
Yredelemnul
Zin
The Shining One
Beogh
Jiyva
Lugonu


Innate Abilities, Weirdness & Mutations

You reflexively headbutt those who attack you in melee.
You have a pair of horns on your head.
You are frail (-10% HP).


Message History

The orc knight wields a runed arbalest.
It bursts into flame!
The orc knight shoots a bolt.
SHROANNG!
You block the bolt.
The orc high priest invokes the aid of Beogh against you.
Something smites you!
The orc sorcerer gestures wildly while chanting.
Use which ability? (? or * to list)
Okay, then.
Use which ability? (? or * to list)
You can now deal lightning-fast blows.
You feel somewhat more hungry.
The orc knight shoots a bolt.
GONNNNG!
You block the bolt.
The stone giant throws a large rock.
GONNNNG!
You block the large rock.
The orc sorcerer points at you and mumbles some strange words.
The bolt of fire hits you!
Ouch! That really hurt!
You die...

▓...8©8...▓
▓..:.)[:..▓..|}.}[..▓
▓.."}o[)..▓...)||...▓
▓...oo4oo.▓.....)...▓
▓.o.C4o...▓...))....▓
▓..o.C....▓....%÷...▓
▓.........▓.....÷...▓
▓.........▓.▓.....▓.▓
▓....@....▓.........▓
▓....(....▓▓▓▓▓▓▓▓▓▓▓
▓▓▓▓▓▓▓▓▓▓▓


You could see a stone giant, an orc knight, an ettin, an orc high priest, a rust
devil, 2 orc sorcerers, a red devil and 4 orcs.

Vanquished Creatures
  A wolf spider (D)
  2 naga magi (D)
  2 jumping spiders (D)
  A neqoxec (D)
  A tarantella (D)
  A basilisk (D)
  4 nagas (D)
  A wolf (D)
  3 water moccasins (D)
  A giant frog (D)
  5 scorpions (D)
  8 orc priests (D)
  6 orc wizards (D)
  3 iguanas (D)
  A sheep (D)
  4 adders (D)
  A river rat (D)
  An ufetubus (D)
  An orc (D)
  7 ball pythons (D)
54 creatures vanquished.

Notes
Turn   | Place    | Note
--------------------------------------------------------------
     0 | D        | Kidiri the Minotaur Fighter began the quest for the Orb.
     0 | D        | Reached XP level 1. HP: 19/19 MP: 0/0
     0 | D        | Found a roughly hewn altar of Beogh.
     0 | D        | Found a viscous altar of Jiyva.
     0 | D        | Found a corrupted altar of Lugonu.
     0 | D        | Found a white marble altar of Elyvilon.
     0 | D        | Found a sparkling altar of Nemelex Xobeh.
     1 | D        | Found a burning altar of Makhleb.
     1 | D        | Found an iron altar of Okawaru.
     1 | D        | Found a deep blue altar of Sif Muna.
     1 | D        | Found a radiant altar of Vehumet.
     1 | D        | Found a bloodstained altar of Trog.
     1 | D        | Found a shimmering altar of Xom.
    85 | D        | Became a worshipper of Warmaster Okawaru
    94 | D        | Reached skill level 4 in Fighting
    94 | D        | Reached skill level 5 in Armour
    94 | D        | Reached skill level 5 in Shields
    94 | D        | Reached XP level 2. HP: 24/28 MP: 0/2
   143 | D        | Entered arena 1.
   143 | D        | Noticed a neqoxec
   151 | D        | Gained mutation: You are frail (-10% HP). [a neqoxec]
   159 | D        | Killed a neqoxec
   159 | D        | Acquired Okawaru's first power
   159 | D        | Reached skill level 5 in Fighting
   159 | D        | Reached skill level 6 in Axes
   159 | D        | Reached skill level 7 in Armour
   159 | D        | Reached XP level 3. HP: 19/33 MP: 2/4
   159 | D        | Reached XP level 4. HP: 22/39 MP: 2/5
   159 | D        | Reached XP level 5. HP: 25/45 MP: 2/6
   296 | D        | Entered arena 2.
   296 | D        | Noticed a jumping spider
   296 | D        | Noticed a scorpion
   296 | D        | Noticed a jumping spider
   302 | D        | Killed a scorpion
   309 | D        | Killed a jumping spider
   309 | D        | Reached skill level 8 in Axes
   309 | D        | Reached skill level 9 in Armour
   309 | D        | Reached skill level 5 in Dodging
   309 | D        | Reached XP level 6. HP: 51/54 MP: 4/8
   311 | D        | Killed a jumping spider
   311 | D        | Reached skill level 5 in Invocations
   311 | D        | Reached XP level 7. HP: 55/59 MP: 4/9
   355 | D        | Entered arena 3.
   355 | D        | Noticed an orc priest
   355 | D        | Noticed an orc wizard
   355 | D        | Noticed an orc wizard
   355 | D        | Noticed an orc wizard
   359 | D        | Killed an orc wizard
   359 | D        | Reached skill level 10 in Shields
   360 | D        | Killed an orc wizard
   360 | D        | Reached skill level 10 in Armour
   362 | D        | Killed an orc priest
   364 | D        | Killed an orc wizard
   383 | D        | Entered arena 4.
   418 | D        | Entered arena 5.
   418 | D        | Noticed an orc priest
   418 | D        | Noticed an orc wizard
   418 | D        | Noticed an orc priest
   418 | D        | Noticed an orc priest
   420 | D        | Killed an orc priest
   421 | D        | Killed an orc priest
   421 | D        | Killed an orc priest
   421 | D        | Reached skill level 10 in Axes
   423 | D        | Killed an orc wizard
   439 | D        | Entered arena 6.
   439 | D        | Noticed a scorpion
   439 | D        | Noticed a tarantella
   439 | D        | Noticed a wolf spider
   439 | D        | Noticed a scorpion
   439 | D        | Noticed a scorpion
   439 | D        | Noticed a scorpion
   443 | D        | Killed a scorpion
   444 | D        | Killed a tarantella
   444 | D        | Reached XP level 8. HP: 64/66 MP: 11/11
   444 | D        | Killed a scorpion
   445 | D        | Killed a scorpion
   447 | D        | Killed a scorpion
   447 | D        | Reached skill level 11 in Armour
   449 | D        | Killed a wolf spider
   466 | D        | Entered arena 7.
   466 | D        | Noticed an orc priest
   466 | D        | Noticed an orc priest
   466 | D        | Noticed an orc wizard
   466 | D        | Noticed an orc priest
   466 | D        | Noticed an orc priest
   466 | D        | Noticed an orc wizard
   471 | D        | Killed an orc wizard
   472 | D        | Killed an orc priest
   473 | D        | Killed an orc wizard
   474 | D        | Killed an orc priest
   475 | D        | Killed an orc priest
   475 | D        | Killed an orc priest
   591 | D        | Entered arena 8.
   591 | D        | Noticed a naga mage
   591 | D        | Noticed a naga
   591 | D        | Noticed a water moccasin
   591 | D        | Noticed a water moccasin
   591 | D        | Noticed a naga
   599 | D        | Killed a naga
   601 | D        | Reached skill level 12 in Shields
   601 | D        | Killed a water moccasin
   601 | D        | Reached XP level 9. HP: 70/74 MP: 10/13
   603 | D        | Killed a water moccasin
   605 | D        | Killed a naga
   605 | D        | Killed a naga mage
   669 | D        | Entered arena 9.
   669 | D        | Noticed an iguana
   669 | D        | Noticed an iguana
   669 | D        | Noticed a basilisk
   669 | D        | Noticed a giant frog
   669 | D        | Noticed an iguana
   670 | D        | Noticed a wolf
   675 | D        | Killed a giant frog
   677 | D        | Killed an iguana
   679 | D        | Killed an iguana
   680 | D        | Killed an iguana
   680 | D        | Killed a wolf
   681 | D        | Killed a basilisk
   713 | D        | Entered arena 10.
   713 | D        | Noticed a naga
   713 | D        | Noticed a naga mage
   713 | D        | Noticed a naga
   713 | D        | Noticed a water moccasin
   717 | D        | Killed a water moccasin
   722 | D        | Killed a naga mage
   722 | D        | Acquired Okawaru's second power
   722 | D        | Reached skill level 10 in Fighting
   722 | D        | Reached skill level 13 in Armour
   722 | D        | Killed a naga
   725 | D        | Killed a naga
   758 | D        | Got the ring "Adepol" {+Inv rC+ rN+ MP-9}
   765 | D        | Got the ring of Nore {rC- rN+++ MP+9 EV+3 Stlth+}
   772 | D        | Entered arena 11.
   772 | D        | Noticed an ettin
   772 | D        | Noticed a stone giant
   772 | D        | Noticed an orc sorcerer
   772 | D        | Noticed an orc knight
   772 | D        | Noticed an orc sorcerer
   773 | D        | Noticed an orc high priest
   775 | D        | Noticed a rust devil
   775 | D        | Killed from afar by an orc sorcerer

Vault maps used:
D:        sprint_v

Action                   |  1- 3 |  4- 6 |  7- 9 || total
-------------------------+-------+-------+-------++-------
Melee: War axe           |    16 |    10 |    50 ||    76
       Broad axe         |       |       |     8 ||     8
Invok: Heroism           |       |     1 |     5 ||     6
       Finesse           |       |       |     1 ||     1
  Use: Potion            |     1 |     1 |       ||     2
